 Dungeon Crawl Stone Soup version 0.29.0-4-gdea44cf6ec (webtiles) character file.

Game seed: 10523080562428486365

177 qw the Chopper (level 5, -1/30 HPs)
             Began as a Tengu Warper on Aug 28, 2022.
             Slain by a gnoll zombie (2 damage)
             ... in an ossuary.
             The game lasted 00:00:17 (3415 turns).

qw the Chopper (Tengu Warper)                       Turns: 3415, Time: 00:00:17

Health: -1/30      AC:  3    Str: 19    XL:     5   Next: 57%
Magic:  9/9        EV: 14    Int: 14    God:
Gold:   144        SH:  0    Dex: 11    Spells: 8/8 levels left

rFire   + . .      SeeInvis .   j - +0 war axe
rCold   + . .      Faith    .   (no shield)
rNeg    . . .      Spirit   .   b - +0 leather armour
rPois   .          Reflect  .   (helmet restricted)
rElec   .          Harm     .   i - scarf {rC+ rF+}
rCorr   .          Rampage  .   (no gloves)
Will    .....                   (boots unavailable)
Stlth   +.........              (no amulet)
HPRegen 0.10/turn               a - +6 ring of strength
MPRegen 0.11/turn               (no ring)

@: flying quickly and evasively, quick
A: beak, talons 3, nimble flight, horns 1, clumsy 1
a: no special abilities


You were in an ossuary.
You visited 1 branch of the dungeon, and saw 4 of its levels.
You also visited: Ossuary.

You collected 144 gold pieces.


Innate Abilities, Weirdness & Mutations

You have a beak for a mouth.
You have claws for feet.
Your magical nature lets you fly swiftly and evasively.
You have a pair of small horns on your head.
You are clumsy. (Dex -2)


   Skills:
 - Level 2.0 Fighting
 + Level 6.2 Axes
 - Level 1.0 Throwing
 - Level 1.1 Armour
 - Level 2.1 Dodging
 - Level 2.0 Spellcasting
 - Level 2.4 Translocations


You had 8 spell levels left.
You didn't know any spells.
Your spell library contained the following spells:

 Spells                   Type           Power      Damage    Failure   Level
 Blink                    Tloc           16%        N/A       16%         2
 Gell's Gravitas          Tloc           8%         N/A       32%         3
 Lesser Beckoning         Tloc           8%         N/A       32%         3
 Teleport Other           Tloc           8%         N/A       32%         3
 Manifold Assault         Tloc           8%         N/A       96%         5

Inventory:

Hand Weapons
 d - a +0 club
 j - a +0 war axe (weapon)
Armour
 b - a +0 leather armour (worn)
 i - a scarf of resistance (worn)
Jewellery
 a - a +6 ring of strength (left hand)
Potions
 c - a potion of ambrosia {unknown}
 e - 3 potions of curing
 f - a potion of mutation
 g - a potion of brilliance {unknown}
 h - a potion of resistance {unknown}

Dungeon Overview and Level Annotations

Branches:
Dungeon (4/15)            Ossuary (1/1)
 Temple: D:4-7

Altars:
Dithmenos

Shops:
D:1 !


Message History

The elf zombie is heavily damaged.
The elf zombie barely misses you.
You slash the elf zombie!
The elf zombie is heavily damaged.
The elf zombie hits you but does no damage.
You closely miss the elf zombie. You claw the elf zombie.
Your punch misses the elf zombie.
The elf zombie is severely damaged.
The elf zombie completely misses you.
You closely miss the elf zombie.
The elf zombie is severely damaged.
The elf zombie closely misses you.
You barely miss the elf zombie. You claw the elf zombie.
Your headbutt misses the elf zombie.
The elf zombie is severely damaged.
The elf zombie hits you.
You closely miss the elf zombie.
The elf zombie is severely damaged.
The elf zombie hits you.
You hit the elf zombie. Your kick misses the elf zombie.
The elf zombie is severely damaged.
The elf zombie hits you.
You hit the elf zombie.
The elf zombie is almost destroyed.
The elf zombie hits you!
You hit the elf zombie.
The elf zombie is almost destroyed.
The elf zombie hits you.
You barely miss the elf zombie. You claw the elf zombie.
The elf zombie is almost destroyed.
The elf zombie hits you but does no damage.
You slash the elf zombie!
You destroy the elf zombie!
Your Axes skill increases to level 6!
You have reached level 5!
Your magical nature develops, letting you fly swiftly and evasively.
You barely miss the gnoll zombie. Your kick misses the gnoll zombie.
You headbutt the gnoll zombie!
The gnoll zombie is heavily damaged.
The gnoll zombie hits you.
You die...

...# ...#
##..# .#..#
..#.\#
####..#..#
#..Z..#..#
#.@# #.\# #..#
#..# ##.#
##..#
#.###...# .
#...#...# ...
##.##...#
.....#'#....#
.............#
.............#


You could see a gnoll zombie.

Vanquished Creatures
  An elf zombie (Ossuary)
  A hound zombie (Ossuary)
  2 adders (D:2)
  An adder zombie (Ossuary)
  3 dart slugs
  2 ball pythons
  5 bats
  10 endoplasms
  4 giant cockroaches
  9 goblins
  7 hobgoblins
  4 quokkas
  5 frilled lizards
  2 goblin zombies (Ossuary)
  4 hobgoblin zombies (Ossuary)
  3 kobolds
  A quokka zombie (Ossuary)
  5 rats
69 creatures vanquished.

Notes
Turn   | Place    | Note
-------+----------+-------------------------------------------
     0 | D:1      | qw the Tengu Warper began the quest for the Orb.
     0 | D:1      | Reached XP level 1. HP: 12/12 MP: 4/4
     0 | D:1      | 0 ||| qw: Version: 0.1-a-89-g26bdef1
     0 | D:1      | 0 ||| qw: Game counter: 3294
     0 | D:1      | 0 ||| qw: Always use a shield: true
     0 | D:1      | 0 ||| qw: God list: Okawaru
     0 | D:1      | 0 ||| qw: Allow faded altars: false
     0 | D:1      | 0 ||| qw: Do Orc after D:15 true
     0 | D:1      | 0 ||| qw: Do second Lair branch before Depths: true
     0 | D:1      | 0 ||| qw: Lair rune preference: random
     0 | D:1      | 0 ||| qw: Plans: Normal
     0 | D:1      | 0 ||| PLANNING D:1-11
    35 | D:1      | Found Gecs's Distillery.
    39 | D:1      | 39 ||| SHOPLISTING potion of curing (33 gold, have 9).
    39 | D:1      | 39 ||| SHOPLISTING potion of heal wounds (55 gold, have 9).
    39 | D:1      | 39 ||| SHOPLISTING potion of resistance (110 gold, have 9).
   306 | D:1      | Reached skill level 3 in Axes
   306 | D:1      | Reached XP level 2. HP: 17/17 MP: 6/6
  1174 | D:1      | Reached XP level 3. HP: 21/21 MP: 7/7
  1179 | D:1      | 1179 ||| Stepping ~*~*~tactically~*~*~ (hiding).
  1180 | D:1      | 1180 ||| Stepping ~*~*~tactically~*~*~ (hiding).
  1209 | D:1      | 1209 ||| Stepping ~*~*~tactically~*~*~ (stealth).
  1384 | D:1      | Reached skill level 4 in Axes
  1444 | D:1      | 1444 ||| READING scroll labelled PORITE GOIHO.
  1445 | D:1      | 1445 ||| READING scroll labelled XAXUCE KUKLIUR.
  1446 | D:1      | 1446 ||| DRINKING 3 smoky pink potions.
  1447 | D:1      | 1447 ||| DRINKING 3 fizzy dark potions.
  1447 | D:1      | Gained mutation: You occasionally lose the ability to read
                  | scrolls when taking damage. [potion of mutation]
  1447 | D:1      | Gained mutation: You sometimes lose the ability to read
                  | scrolls when taking damage. [potion of mutation]
  1448 | D:1      | 1448 ||| DRINKING 2 potions of mutation.
  1448 | D:1      | Lost mutation: You sometimes lose the ability to read
                  | scrolls when taking damage. [potion of mutation]
  1448 | D:1      | Lost mutation: You occasionally lose the ability to read
                  | scrolls when taking damage. [potion of mutation]
  1448 | D:1      | Gained mutation: You are clumsy. (Dex -2) [potion of
                  | mutation]
  1448 | D:1      | Gained mutation: You have a pair of small horns on your
                  | head. [potion of mutation]
  1449 | D:1      | 1449 ||| DROPPING scroll of blinking.
  1534 | D:2      | 1534 ||| Stepping ~*~*~tactically~*~*~ (stealth).
  1686 | D:2      | 1686 ||| Stepping ~*~*~tactically~*~*~ (stealth).
  1844 | D:2      | 1844 ||| Stepping ~*~*~tactically~*~*~ (stealth).
  1903 | D:2      | 1903 ||| Stepping ~*~*~tactically~*~*~ (stealth).
  2167 | D:2      | Reached XP level 4. HP: 26/26 MP: 8/8
  2334 | D:2      | 2334 ||| DROPPING orb of guile.
  2596 | D:3      | Reached skill level 5 in Axes
  2988 | D:3      | Found a shadowy altar of Dithmenos.
  3122 | D:3      | Found a faded altar of an unknown god.
  3193 | D:3      | 3193 ||| SWAPPING to +0 war axe.
  3194 | D:3      | 3194 ||| DROPPING +0 hand axe.
  3195 | D:3      | 3195 ||| UPGRADING to scarf of resistance.
  3200 | D:3      | 3200 ||| UPGRADING to +6 ring of strength.
  3229 | D:4      | 3229 ||| PLANNING OSSUARY
  3254 | D:4      | Found a sand-covered staircase.
  3264 | Ossuary  | Entered an ossuary
  3411 | Ossuary  | HP: 2/26 [elf zombie (7)]
  3415 | Ossuary  | Reached skill level 6 in Axes
  3415 | Ossuary  | Gained mutation: Your magical nature lets you fly swiftly
                  | and evasively. [Tengu growth]
  3415 | Ossuary  | Reached XP level 5. HP: 1/30 MP: 9/9
  3415 | Ossuary  | Slain by a gnoll zombie

Levels and vault maps discovered:
D:1:      tarquinn_simple_flora_water_e, layout_basic, serial_shops,
          nicolae_shop_behind_doors
D:2:      layout_loops_cross, minmay_misc_feat_x
D:3:      layout_loops_cross, general_overflow_altar,
          chequers_ecumenical_altar_simple_redux, minmay_misc_feat_cross
D:4:      layout_rooms, nzn_hepliaklqana_mist_gate, temple_statues,
          lightli_ossuary_entry_decrepit_ruins
Ossuary:  minmay_ossuary_two_tombs

Skill      XL: |  1  2  3  4 |
---------------+-------------+-----
Axes           | 3 4 6 |  6.2
Fighting       | |  2.0
Throwing       | |  1.0
Armour         | |  1.1
Dodging        | |  2.1
Spellcasting   | |  2.0
Translocations | |  2.4

Action                   |  1- 3 |  4- 6 || total
-------------------------+-------+-------++-------
Melee: Hand axe          |    77 |    33 ||   110
       Peck              |    12 |     6 ||    18
       Kick              |    19 |    16 ||    35
       Headbutt          |     3 |    12 ||    15
       War axe           |       |    35 ||    35
Throw: Boomerang         |     7 |       ||     7
  Use: Potion            |     3 |       ||     3
       Scroll            |     2 |       ||     2
Armor: Leather armour    |    14 |     8 ||    22
Dodge: Dodged            |    23 |    20 ||    43

Table legend:
 A = Non-vault XP
 B = Vault XP
 C = Vault XP percentage of total XP
 D = Non-vault monster count
 E = Vault monster count
 F = Vault count percentage of total count
                 A         B        C        D         E       F
            +---------+---------+-------+---------+---------+-------
      Total |     128 |     126 |  49.6 |      59 |      10 |  14.5
            +---------+---------+-------+---------+---------+-------
        D:1 |      46 |       0 |   0.0 |      24 |       0 |   0.0
        D:2 |      56 |       0 |   0.0 |      20 |       0 |   0.0
        D:3 |      26 |       0 |   0.0 |      15 |       0 |   0.0
    Ossuary |       0 |     126 | 100.0 |       0 |      10 | 100.0
            +---------+---------+-------+---------+---------+-------
